Match 46978248
Unlisted

Match 46978248
End
Selects Luftwaffe Battlegroup
Selects Luftwaffe Pioneer Support
Construct Infanterie Kompanie
Kettenkrad Recon Vehicle
MG 42 Machine Gun Team
Grenadier Squad
Fallschirmpioneer Squad Paradrop
MG 42 Bunker
Construct Luftwaffe Kompanie
MG 42 Bunker
Construct Panzergrenadier Kompanie
Selects Flak 38 Anti-Air Emplacement
Fallschirmpioneer Squad Paradrop
Selects Flak 36 Anti-tank Gun Emplacement
Fallschirmpioneer Squad Paradrop
Selects Stuka Strafing Run
Stuka Strafing Run
Support Elements
Medical Station
Stuka Strafing Run
Selects Fallschirmjäger Squad Paradrop
Fallschirmpioneer Squad Paradrop
Stuka Strafing Run
Construct Panzer Kompanie
Stuka Strafing Run
Fallschirmpioneer Squad Paradrop
Selects Fragmentation Bombs
Panzer IV Medium Tank
Stuka Strafing Run
Side Skirts
Fallschirmpioneer Squad Paradrop
MAVNE
Sad Pepe
gio_misro
[SPH-r] Javo
GOON801
Sodden
0
0

Comments sign in to comment!

No comments posted yet!